 Dungeon Crawl Stone Soup version 0.19.0-18-g426998a (webtiles) character file.

128020 Lochraine the Brawler (level 16, -7/145 HPs)
             Began as a Troll Monk on Nov 11, 2016.
             Was a Believer of Hepliaklqana.
             Mangled by a shambling mangrove (19 damage)
             ... on level 3 of the Swamp.
             The game lasted 01:36:45 (26122 turns).

Lochraine the Brawler (Troll Monk)                 Turns: 26122, Time: 01:36:46

Health: -7/145     AC: 17    Str: 26    XL:     16   Next: 47%
Magic:  0/19       EV: 10    Int:  7    God:    Hepliaklqana [**....]
Gold:   3338       SH: 23    Dex: 15    Spells: 0 memorised, 15 levels left

rFire  . . .     SeeInvis .     b - +10 long sword "Naody" {flame, rElec rF- rN+ Str+2}
rCold  . . .     Gourm    +     l - +0 troll leather armour
rNeg   + . .     Faith    .     F - +4 large shield {AC+3}
rPois  +         Spirit   +     T - +1 hat
rElec  +         Reflect  .     q - +2 cloak {MR+}
rCorr  +         Harm     .     (gloves unavailable)
MR     ++...                    (boots unavailable)
Stlth  ++........               t - amulet of guardian spirit
                                g - ring of poison resistance
                                M - ring "Janwoet" {rCorr rElec rF+}

@: grasped by roots, very slightly contaminated, hasted, quick
A: unfitting armour, reduced essence, claws 3, molten scales 1, fast metabolism
3, gourmand, regeneration 1, shaggy fur 1, tough skin 2
a: Recall Ancestor, Ancestor Identity, Renounce Religion


You were on level 3 of the Swamp.
You worshipped Hepliaklqana.
Hepliaklqana was pleased with you.
You were full.

You visited 4 branches of the dungeon, and saw 26 of its levels.
You also visited: Trove, Sewer, Ossuary, Bailey and Ice Cave.

You collected 4002 gold pieces.
You spent 664 gold pieces at shops.

Inventory:

Hand Weapons
 a - a +6 blowgun
 b - the +10 long sword "Naody" (weapon) {flame, rElec rF- rN+ Str+2}
   (You found it on level 5 of the Lair of Beasts)

   It has been specially enchanted to burn those struck by it, causing extra
   injury to most foes and up to half again as much damage against particularly
   susceptible opponents.
   Big, fiery blades are also staple armaments of hydra-hunters.
   It affects your strength (+2).
   It makes you vulnerable to fire.
   It insulates you from electricity.
   It protects you from negative energy.
Missiles
 m - 64 poisoned needles
 I - 4 large rocks (quivered)
 O - 6 curare-tipped needles
 V - 3 needles of confusion
 Z - 3 silver javelins
Armour
 l - a +0 troll leather armour (worn)
 q - a +2 cloak of magic resistance (worn)
 F - a +4 large shield of protection (worn)
 T - a +1 hat (worn)
Jewellery
 g - a ring of poison resistance (right claw)
 k - an uncursed ring of protection from fire
 n - the ring of Uskayaw's Envy {Dex+3 SInv}
   (You found it in a treasure trove)

   [ring of see invisible]

   It affects your dexterity (+3).
   It lets you see invisible.
 t - an amulet of guardian spirit (around neck)
 y - an uncursed ring of positive energy
 J - a +3 amulet of reflection
 K - an uncursed ring of ice
 M - the ring "Janwoet" (left claw) {rCorr rElec rF+}
   (You found it in a treasure trove)

   [ring of resist corrosion]

   It protects you from fire.
   It insulates you from electricity.
 N - an uncursed ring of magical power
 U - an uncursed ring of protection from magic
Wands
 e - a wand of acid (5/15)
 u - a wand of teleportation (3/9)
 G - a wand of iceblast (6/15)
 L - a wand of digging (12/24)
Scrolls
 c - 10 scrolls of remove curse
 d - a scroll of fear
 h - 6 scrolls of immolation
 i - 2 scrolls of fog
 o - a scroll of blinking
 v - 5 scrolls of amnesia
 w - 6 scrolls of identify
 x - 6 scrolls of teleportation
 E - 5 scrolls of recharging
Potions
 f - a potion of invisibility
 p - a potion of ambrosia
 r - 7 potions of heal wounds
 s - 3 potions of lignification
 z - 3 potions of flight
 A - 8 potions of curing
 B - 2 potions of cure mutation {unknown}
 C - 2 potions of resistance
 D - 3 potions of agility
 H - 3 potions of cancellation
 R - 2 potions of might
 S - a potion of haste
 Y - 5 potions of brilliance
Books
 Q - a book of Callings

   Spells                             Type                      Level
   a - Summon Small Mammal            Summoning                    1
   b - Call Imp                       Summoning                    2
   c - Call Canine Familiar           Summoning                    3
   d - Summon Guardian Golem          Hexes/Summoning              3
   e - Summon Lightning Spire         Summoning/Air                4
   f - Summon Ice Beast               Ice/Summoning                4
Comestibles
 j - 20 fruits
 P - 12 meat rations
 W - 18 bread rations


   Skills:
 + Level 11.0 Fighting
 - Level 9.0 Throwing
 + Level 5.0 Armour
 - Level 10.3 Dodging
 - Level 1.0 Stealth
 + Level 10.3 Shields
 + Level 16.9 Unarmed Combat
 + Level 6.5 Invocations


You had 15 spell levels left.
You didn't know any spells.

Dungeon Overview and Level Annotations

Branches:
Dungeon (15/15)            Temple (0/1) D:5            Lair (6/6) D:8
  Swamp (3/4) Lair:2       Spider (0/4) Lair:2        Slime (0/5) Lair:5
    Orc (2/2) D:10            Elf (0/3) Orc:2        Vaults (0/5) D:13
 Depths (0/5) D:15

Altars:
Ashenzari
Hepliaklqana
Kikubaaqudgha
Nemelex Xobeh
Sif Muna
Uskayaw
Vehumet
Xom
Beogh

Shops:
D:10 =   D:13 [   Orc:1 }   Orc:2 !}[?

Annotations:
Lair:2 exclusion: 2 oklob plants
Lair:3 exclusion: ice statue


Innate Abilities, Weirdness & Mutations

You are too large for most types of armour.
You have claws for hands.
Your metabolism is lightning-fast.
You like to eat raw meat.
Your natural rate of healing is unusually fast.
You are covered in fur. (AC +1)
You have very tough skin. (AC +2)
Your life essence is reduced. (-10% HP)
You are partially covered in molten scales. (AC +2)


Message History

You block the spriggan rider's attack.
You block the three-headed hydra's attack. x2
The three-headed hydra barely misses you.
Sagil-Zimu hits the spriggan rider with a dagger of draining!
Sagil-Zimu drains the spriggan rider!
The spriggan hits Sagil-Zimu with a rapier!
You barely miss the three-headed hydra.
The three-headed hydra is moderately wounded.
You block the spriggan rider's attack.
The swamp worm bites you but does no damage.
You block the three-headed hydra's attack.
The three-headed hydra barely misses you.
The three-headed hydra bites you but does no damage.
The tyrant leech bites you!!
* * * LOW HITPOINT WARNING * * *
The tyrant leech draws strength from your injuries!
Sagil-Zimu casts a spell at the spriggan rider.
The spriggan rider resists with almost no effort.
The shambling mangrove hits you!!
You die...

.≈.♣♣♣♣♣♣≈.≈≈≈≈.≈≈
..≈♣........≈≈≈.≈≈
....≈≈.≈≈..≈≈≈..
..≈≈≈≈≈≈≈≈≈.≈
♣≈♣♣.≈≈≈≈≈♣
♣.iR.≈≈)†.♣
♣ii≈≈†.†.♣ ♣♣♣♣♣♣
♣.f≈.♣♣...♣ ....♣
♣♣@w♣♣ ♣...♣ ...♣
♣♣Dw♣♣ ♣♣♣≈..
♣≈♣♣♣....♣ ≈≈
♣♣.†♣..≈≈.♣ ≈
♣♣♣♣.....≈≈≈(♣
♣..♣...≈...≈.♣
♣≈≈†≈≈≈≈♣..≈≈.♣
♣♣≈..≈≈≈♣♣≈.≈≈.♣
♣≈.≈≈≈≈≈.......♣


You could see the friendly Sagil-Zimu the hexer, a shambling mangrove, a
three-headed hydra, a tyrant leech, a spriggan rider, a swamp worm and 2
spriggans.

Vanquished Creatures
  Agnes (D:14)
  Donald (Swamp:3)
  A thorn hunter (Swamp:1)
  The ghost of Reyan the Nimble, a journeyman TrMo of Qazlal (Swamp:1)
  Louise (Swamp:2)
  A reaper (IceCv)
  Azrael (D:14)
  Snorg (Lair:5)
  An ettin (D:15)
  A fire dragon (Lair:6)
  2 ogre magi
  An ice dragon (Lair:3)
  6 hydras
  Harold (Lair:3)
  4 centaur warriors
  A death knight (D:12)
  4 alligators
  3 tengu warriors
  6 death yaks
  An orc high priest (Orc:1)
  Sonja (D:13)
  A skeletal warrior (D:13)
  The ghost of Leybi the Skirmisher, a novice TrBe of Trog (D:6)
  A spriggan druid (Swamp:3)
  A deep troll (D:15)
  3 shambling mangroves
  3 hill giants
  A lindwurm (Lair:6)
  2 deep elf archers
  An orc knight (D:14)
  7 orc sorcerers (Orc:2)
  11 ugly things
  5 deep elf magi
  2 manticores
  2 ice statues (IceCv)
  3 molten gargoyles (Lair:6)
  A centaur zombie (D:10)
  2 black mambas (Lair:6)
  A gargoyle (D:14)
  A torpor snail (Lair:5)
  11 spiny frogs
  5 yaktaurs
  3 rime drakes
  A freezing wraith (D:15)
  10 komodo dragons
  9 ice devils (IceCv)
  A kobold demonologist (D:12)
  An efreet (D:15)
  6 trolls
  5 polar bears
  2 jumping spiders (Lair:2)
  12 hornets
  A merfolk (D:10)
  7 bog bodies
  7 tyrant leeches
  4 slime creatures (Swamp:2)
  A blink frog (shapeshifter) (D:13)
  14 blink frogs
  The ghost of Lochraine the Chiller, an amateur HuIE of Dithmenos (D:5)
  5 dream sheep
  10 hippogriffs
  2 wraiths
  A shadow (D:14)
  A vampire (D:10)
  4 redbacks (Lair:2)
  5 spriggans
  13 wyverns
  49 yaks
  3 fire elementals (D:14)
  7 basilisks
  23 vampire mosquitoes
  A steam dragon (Lair:6)
  2 hungry ghosts
  4 insubstantial wisps (Swamp:3)
  8 swamp worms
  4 mottled dragons
  2 soldier ants (D:11)
  8 hell hounds
  7 porcupines
  7 water moccasins
  A swamp drake (Swamp:3)
  2 sky beasts
  20 orc warriors
  3 phantoms
  14 ice beasts
  An eye of draining (D:11)
  12 ogres
  A black bear (Lair:6)
  A wolf (D:13)
  4 boggarts
  18 crocodiles
  16 centaurs
  3 big kobolds
  18 bullfrogs
  4 wyvern skeletons
  4 water moccasin zombies (Ossuary)
  5 killer bees (D:11)
  3 scorpions
  8 wights
  2 howler monkeys (D:5)
  8 crimson imps
  4 lava snakes (Lair:6)
  2 bullfrog zombies
  A quasit (D:12)
  6 jellies
  9 centaur skeletons
  7 orc priests
  2 bullfrog skeletons
  4 hounds
  2 iguanas (D:9)
  34 orc wizards
  A hexer (Lair:3)
  9 worker ants
  5 big kobold zombies (Ossuary)
  A hound skeleton (D:9)
  2 mummies (Ossuary)
  6 gnolls
  2 river rats (D:8)
  13 adders
  4 shadow imps
  13 white imps
  4 ufetubi (IceCv)
  An ooze (Lair:5)
  2 adder zombies
  5 worms
  3 dart slugs
  5 leopard geckos
  69 orcs
  14 bats
  2 giant cockroaches
  3 gnoll zombies (Ossuary)
  9 goblins
  6 hobgoblins
  22 jackals
  7 quokkas
  A frilled lizard (D:3)
  A hobgoblin zombie (Ossuary)
  A jackal skeleton (D:7)
  28 kobolds
  5 kobold zombies (Ossuary)
  A leopard gecko skeleton (D:4)
  6 orc zombies (Ossuary)
  10 rats
836 creatures vanquished.

Vanquished Creatures (collateral kills)
  A thorn hunter (Swamp:2)
  An ettin (Orc:2)
  2 hydras
  A centaur warrior (D:15)
  2 alligators
  2 death yaks
  A shambling mangrove (Swamp:1)
  A hill giant (D:14)
  2 orc sorcerers (Orc:2)
  3 ugly things (D:14)
  A komodo dragon (Lair:2)
  A rime drake (Lair:6)
  An ice devil (IceCv)
  4 hornets (Swamp:1)
  A polar bear (Lair:5)
  A troll (D:15)
  4 blink frogs
  2 tyrant leeches (Swamp:2)
  A bog body (Swamp:3)
  A slime creature (Swamp:2)
  4 hippogriffs
  2 spriggans
  A shadow (D:14)
  2 wyverns (Lair:6)
  3 basilisks
  8 yaks
  3 vampire mosquitoes
  An insubstantial wisp (Swamp:3)
  A swamp worm (Swamp:2)
  A water moccasin (Lair:6)
  2 porcupines
  A swamp drake (Swamp:1)
  A phantom (D:5)
  5 ice beasts
  A boggart (Lair:6)
  3 centaurs
  An ogre (Orc:2)
  2 crocodiles
  2 bullfrogs
  A water moccasin zombie (Ossuary)
  A killer bee (D:11)
  A lava snake (Lair:6)
  A centaur skeleton (D:8)
  A hound (D:12)
  3 orc priests
  A worker ant (D:11)
  7 orc wizards
  A big kobold zombie (Ossuary)
  A gnoll (D:7)
  A white imp (IceCv)
  3 adder zombies (Ossuary)
  8 orcs
  3 bats
  A giant cockroach (D:5)
  2 hobgoblins
  A jackal (D:4)
  7 kobolds
121 creatures vanquished.

Vanquished Creatures (others)
  A bullfrog (Lair:5)
  A bullfrog skeleton (D:13)
  An orc wizard (Orc:2)
  12 hexers
  3 white imps (IceCv)
  An ufetubus (IceCv)
  3 ancestors
  22 fungi
  12 plants
56 creatures vanquished.

Grand Total: 1013 creatures vanquished

Notes
Turn   | Place    | Note
-------+----------+-------------------------------------------
     0 | D:1      | Lochraine the Troll Monk began the quest for the Orb.
     0 | D:1      | Reached XP level 1. HP: 22/22 MP: 0/0
   290 | D:1      | Reached XP level 2. HP: 29/29 MP: 1/1
   648 | D:2      | Reached XP level 3. HP: 33/36 MP: 2/2
   740 | D:2      | Found a shattered altar of Ashenzari.
   740 | D:2      | Found a hazy altar of Hepliaklqana.
   929 | D:2      | Reached skill level 4 in Unarmed Combat
  1216 | D:2      | Became a worshipper of Hepliaklqana the Forgotten
  1216 | D:2      | Reached * piety under Hepliaklqana
  1216 | D:2      | Reached ** piety under Hepliaklqana
  1288 | D:3      | Noticed an ogre
  1329 | D:2      | Killed an ogre
  1329 | D:2      | Reached XP level 4. HP: 13/40 MP: 3/3
  1329 | D:2      | Reached XP level 5. HP: 15/47 MP: 4/4
  1444 | D:3      | Reached skill level 5 in Unarmed Combat
  1725 | D:3      | Found a hide-covered altar of Uskayaw.
  1756 | D:3      | Found a faded altar of an unknown god.
  1756 | D:3      | Noticed a centaur
  1763 | D:3      | Killed a centaur
  1763 | D:3      | Reached XP level 6. HP: 34/54 MP: 5/5
  1992 | D:3      | Remembered your ancestor Sagil-Zimu as a hexer
  2305 | D:4      | Reached skill level 1 in Throwing
  2351 | D:4      | Found a sand-covered staircase.
  2358 | Ossuary  | Entered an ossuary
  2402 | Ossuary  | Reached skill level 6 in Unarmed Combat
  2402 | Ossuary  | Reached XP level 7. HP: 47/60 MP: 6/6
  3456 | D:4      | Reached *** piety under Hepliaklqana
  3552 | D:5      | Entered Level 5 of the Dungeon
  3557 | D:5      | Reached XP level 8. HP: 70/71 MP: 7/7
  3567 | D:5      | Reached skill level 7 in Unarmed Combat
  3605 | D:5      | Reached skill level 1 in Shields
  3736 | D:5      | Found a staircase to the Ecumenical Temple.
  3789 | D:5      | Noticed Lochraine's ghost (amateur HuIE)
  3803 | D:5      | Killed Lochraine's ghost
  4092 | D:6      | Noticed Leybi's ghost (novice TrBe)
  4290 | D:6      | Found a glowing drain.
  4336 | Sewer    | Entered a sewer
  4377 | Sewer    | Reached skill level 5 in Dodging
  4479 | D:6      | Reached skill level 5 in Fighting
  4479 | D:6      | Reached skill level 8 in Unarmed Combat
  4487 | D:6      | Reached XP level 9. HP: 33/79 MP: 4/8
  5254 | D:6      | Killed Leybi's ghost
  5417 | D:7      | Reached **** piety under Hepliaklqana
  5885 | D:7      | Found a sparkling altar of Nemelex Xobeh.
  5998 | D:7      | Reached skill level 9 in Unarmed Combat
  6698 | D:8      | Found a deep blue altar of Sif Muna.
  7105 | D:8      | Reached ***** piety under Hepliaklqana
  7182 | D:8      | Found a staircase to the Lair.
  7184 | D:8      | Reached XP level 10. HP: 88/88 MP: 9/9
  7329 | Lair:1   | Entered Level 1 of the Lair of Beasts
  7338 | Lair:1   | Found a frozen archway.
  7350 | Lair:1   | Reached skill level 5 in Throwing
  7438 | Lair:1   | Noticed a spiny frog
  7447 | Lair:1   | Killed a spiny frog
  7891 | Lair:1   | Noticed a spiny frog
  7898 | Lair:1   | Killed a spiny frog
  7898 | Lair:1   | Reached skill level 10 in Unarmed Combat
  8473 | Lair:2   | Identified a scroll of acquirement
  8726 | Lair:2   | Noticed an oklob plant
  8744 | Lair:2   | Found a hole to the Spider Nest.
  8767 | Lair:2   | Reached XP level 11. HP: 92/96 MP: 10/10
  8841 | Lair:2   | Noticed an oklob plant
  9063 | Lair:2   | Found a staircase to the Swamp.
  9396 | Lair:3   | Reached skill level 11 in Unarmed Combat
  9450 | Lair:3   | Reached skill level 5 in Shields
  9508 | Lair:3   | Noticed Harold
  9528 | Lair:3   | Killed Harold
  9794 | Lair:3   | Noticed an ice dragon
  9818 | Lair:3   | Killed an ice dragon
 10138 | Lair:3   | Identified the Handbook of Hurtful Beguiling
 10969 | Lair:4   | Reached skill level 12 in Unarmed Combat
 10973 | Lair:4   | Reached ****** piety under Hepliaklqana
 11231 | Lair:5   | Found a staircase to the Slime Pits.
 11305 | Lair:5   | Reached XP level 12. HP: 84/106 MP: 11/11
 11345 | Lair:5   | Noticed Snorg
 11355 | Lair:5   | Killed Snorg
 11444 | Lair:5   | Noticed a death yak
 11452 | Lair:5   | Killed a death yak
 11738 | Lair:5   | Got a jewelled long sword
 11739 | Lair:5   | Identified the +10 long sword "Naody" {flame, rElec rF- rN+ Str+2} (You found it on level 5 of the Lair of Beasts)
 12116 | Lair:6   | Entered Level 6 of the Lair of Beasts
 12299 | Lair:6   | Reached skill level 13 in Unarmed Combat
 12463 | Lair:6   | Noticed a four-headed hydra
 12487 | Lair:5   | Killed a one-headed hydra
 12585 | Lair:5   | Reached XP level 13. HP: 77/114 MP: 12/12
 13256 | Lair:6   | Noticed a fire dragon
 13487 | Lair:6   | Found a large runed door.
 13487 | Lair:6   | Found a large runed door.
 13668 | Lair:6   | Reached skill level 14 in Unarmed Combat
 14378 | Lair:6   | Killed a fire dragon
 15378 | D:9      | Reached XP level 14. HP: 123/123 MP: 13/13
 16006 | D:10     | Entered Level 10 of the Dungeon
 16006 | D:10     | Found an ancient bone altar of Kikubaaqudgha.
 16089 | D:10     | Found a staircase to the Orcish Mines.
 16172 | D:10     | Found Titol's Jewellery Boutique.
 16322 | D:10     | Reached skill level 1 in Invocations
 17413 | D:11     | Found a shimmering altar of Xom.
 17642 | Orc:1    | Entered Level 1 of the Orcish Mines
 17713 | Orc:1    | Found Xioch's Gadget Boutique.
 17745 | Orc:1    | Found a flagged portal.
 17750 | Bailey   | Entered a bailey
 18319 | Orc:1    | Bought a wand of teleportation (4/9) for 360 gold pieces
 18459 | Orc:2    | Entered Level 2 of the Orcish Mines
 18853 | Orc:2    | Found an ancient bone altar of Kikubaaqudgha.
 18860 | Orc:2    | Paralysed by an orc sorcerer for 4 turns
 19029 | Orc:2    | Found a radiant altar of Vehumet.
 19049 | Orc:2    | Reached skill level 15 in Unarmed Combat
 19054 | Orc:2    | Found Uczex's Antique Armour Shop.
 19115 | Orc:2    | Paralysed by an orc sorcerer for 5 turns
 19317 | Orc:2    | Found a staircase to the Elven Halls.
 19448 | Orc:2    | Found a roughly hewn altar of Beogh.
 19448 | Orc:2    | Found Kujag's Magic Scroll Shop.
 19452 | Orc:2    | Found Myoronne's Distillery.
 19493 | Orc:2    | Gained mutation: You are partially covered in molten scales. (AC +2) [potion of beneficial mutation]
 19632 | Orc:2    | Found Jeafruph's Gadget Boutique.
 19634 | Orc:2    | Bought a scroll of teleportation for 33 gold pieces
 19634 | Orc:2    | Bought a scroll of identify for 22 gold pieces
 19634 | Orc:2    | Bought a scroll of identify for 22 gold pieces
 19634 | Orc:2    | Bought a scroll of teleportation for 33 gold pieces
 19634 | Orc:2    | Bought a scroll of identify for 22 gold pieces
 19634 | Orc:2    | Bought a scroll of identify for 22 gold pieces
 19654 | Orc:2    | Bought a potion of heal wounds for 75 gold pieces
 19654 | Orc:2    | Bought a potion of heal wounds for 75 gold pieces
 19824 | D:12     | Reached skill level 10 in Dodging
 20403 | D:13     | Found Nagehu's Antique Armour Shoppe.
 20430 | D:13     | Noticed Sonja
 20450 | D:13     | Killed Sonja
 20908 | D:13     | Reached XP level 15. HP: 111/134 MP: 17/17
 21132 | D:13     | Found a gate to the Vaults.
 21469 | D:14     | Noticed Azrael
 21489 | D:14     | Killed Azrael
 21489 | D:14     | Reached skill level 1 in Armour
 21773 | D:14     | Reached skill level 10 in Fighting
 21917 | D:14     | Reached skill level 16 in Unarmed Combat
 21960 | D:14     | Found a portal to a secret trove of treasure.
 22011 | Trove    | Entered a treasure trove
 22034 | Trove    | Got a transparent golden ring
 22036 | Trove    | Identified the ring of Uskayaw's Envy {Dex+3 SInv} (You found it in a treasure trove)
 22038 | Trove    | Got a scintillating steel ring
 22040 | Trove    | Identified the ring "Janwoet" {rCorr rElec rF+} (You found it in a treasure trove)
 22103 | D:14     | Noticed Agnes
 22131 | D:14     | Killed Agnes
 22374 | D:15     | Entered Level 15 of the Dungeon
 22394 | D:15     | Found a frozen archway.
 22431 | IceCv    | Entered an ice cave
 23342 | D:15     | Found a staircase to the Depths.
 23872 | Swamp:1  | Entered Level 1 of the Swamp
 23927 | Swamp:1  | Reached skill level 5 in Invocations
 24176 | Swamp:1  | Noticed Reyan's ghost (journeyman TrMo)
 24190 | Swamp:1  | Killed Reyan's ghost
 24513 | Swamp:1  | Reached XP level 16. HP: 144/144 MP: 19/19
 24767 | Swamp:1  | Noticed a thorn hunter
 24778 | Swamp:1  | Killed a thorn hunter
 24940 | Swamp:2  | Noticed Louise
 24953 | Swamp:2  | Killed Louise
 24953 | Swamp:2  | Reached skill level 10 in Shields
 25140 | Swamp:2  | Noticed a thorn hunter
 25154 | Swamp:2  | Killed a thorn hunter
 25728 | Swamp:3  | Noticed Donald
 25738 | Swamp:3  | Killed Donald
 26064 | Swamp:3  | Reached skill level 5 in Armour
 26122 | Swamp:3  | Mangled by a shambling mangrove

Skill      XL: |  1  2  3  4  5  6  7  8  9 10 11 12 13 14 15 16 |
---------------+-------------------------------------------------+-----
Unarmed Combat | 4 5 6 8 9 10 12 13 14 15 16 | 16.9
Fighting       | 3 4 5 6 7 8 9 10 11 | 11.0
Dodging        | 3 4 5 6 7 8 9 10 | 10.3
Throwing       | 1 2 3 4 5 7 8 9 |  9.0
Shields        | 2 3 4 6 8 9 10 | 10.3
Invocations    | 4 5 6 |  6.5
Armour         | 4 5 |  5.0
Stealth        | |  1.0

Action                   |  1- 3 |  4- 6 |  7- 9 | 10-12 | 13-15 | 16-18 || total
-------------------------+-------+-------+-------+-------+-------+-------++-------
Melee: Unarmed           |   117 |   110 |   366 |   521 |  1580 |   276 ||  2970
       Punch             |     3 |     2 |     6 |       |       |       ||    11
       Long sword        |       |       |       |    13 |    46 |     8 ||    67
       Demon blade       |       |       |       |       |    12 |       ||    12
 Fire: Blowgun           |       |     5 |       |       |    15 |       ||    20
Throw: Large rock        |     3 |     1 |    12 |    12 |    13 |     4 ||    45
       Javelin           |       |       |       |       |     8 |       ||     8
       Throwing net      |       |       |       |       |     6 |       ||     6
Invok: Ancestor Life: He |       |     1 |       |       |       |       ||     1
       Recall Ancestor   |       |       |     2 |       |     1 |       ||     3
Evoke: Wand              |       |       |     4 |     2 |     4 |     2 ||    12
  Use: Scroll            |       |     2 |     4 |    18 |    21 |     3 ||    48
       Potion            |       |       |     6 |     5 |    13 |     1 ||    25
 Stab: Sleeping          |     3 |       |     4 |     2 |     7 |       ||    16
       Distracted        |       |     2 |     2 |     8 |    13 |     4 ||    29
       Confused          |       |       |     2 |     7 |    10 |     1 ||    20
       Paralysed         |       |       |     2 |       |    30 |     4 ||    36
       Held in net/web   |       |       |       |       |     2 |       ||     2
  Eat: Chunk             |    17 |    10 |    43 |    50 |   100 |    14 ||   234
       Beef jerky        |       |       |     1 |       |     1 |     4 ||     6
       Royal jelly       |       |       |       |       |     2 |       ||     2
Armor: Robe              |    55 |    28 |    64 |    72 |    19 |       ||   238
       Mottled dragon sc |       |       |       |       |    66 |       ||    66
       Skin              |       |       |       |       |     7 |       ||     7
       Troll leather arm |       |       |       |       |   156 |    29 ||   185
Dodge: Dodged            |    76 |    70 |   118 |   211 |   655 |    68 ||  1198
Block: Shield            |       |       |    87 |   229 |   617 |       ||   933
       Large shield      |       |       |       |       |   248 |   222 ||   470
       Rpst.: Long sword |       |       |       |     1 |     7 |     1 ||     9
       Demon blade       |       |       |       |       |     1 |       ||     1
